[Event "CCT Airthings Masters Play-In 2023"]
[Site "Online"]
[Date "2023.02.03"]
[Round "1"]
[White "GMSrinath"]
[Black "BillieKimbah"]
[Result "*"]
[ECO "D46"]
[WhiteElo "2865"]
[BlackElo "2566"]
[Annotator "TA"]
[PlyCount "42"]
[EventDate "2023.02.03"]
[EventType "swiss"]
[EventCountry "NET"]
[SourceTitle "playchess.com"]
[Source "ChessBase"]
[SourceQuality "1"]
[TimeControl "600+2"]

1. Nf3 d5 2. e3 Nf6 3. c4 c6 4. Nc3 Nbd7 5. d4 e6 6. Bd3 dxc4 7. Bxc4 b5 8. Bd3 Bd6 9. Qc2 O-O 10. O-O Bb7 11. a3 a5 {[%emt 0:00:06] 11...Rc8 injects fresh life into this line.} 12. e4 {[%emt 0:00:42] [#] Black must now prevent e5. D46: Semi-Slav: 5 e3 Nbd7 6 Bd3, Black avoids the Meran.} e5 13. Ne2 (13. Nxe5 $11 Nxe5 14. dxe5 Bxe5 15. h3) 13... c5 $15 {[%emt 0:00:22] Strongly threatening ...c4.} 14. dxe5 {[%emt 0:00:17] Black is slightly better.} Nxe5 15. Nxe5 Bxe5 16. Bxb5 Bxe4 {[%emt 0:00:23] [#]} 17. Qxc5 $146 (17. Qc4 $1 $11) ({Predecessor:} 17. Qa4 Qc7 18. Bg5 Rab8 19. f4 Bxb2 20. Ra2 Rxb5 21. Qxb5 Rb8 22. Qxb2 Rxb2 23. Rxb2 {0-1 Slugin,S (2439)-Kargin,A (2392) Lipetsk King's Gambit-A 2010 (4)}) 17... Qb8 $36 {[%emt 0:00:04][%mdl 2048] Black is really pushing.} 18. a4 Bxh2+ 19. Kh1 Bd6 ({Better is} 19... Rc8 $17 20. Qg5 h6) 20. Qc3 (20. Qg5 $1 $15) 20... Rc8 $17 21. Qh3 {[%emt 0:00:02] [#]} Rc5 $1 {[%emt 0:00:07] Prevents Bg5.   Weighted Error Value: White=0.26 (precise) /Black=0.17 (very precise)} *

[Event "CCT Airthings Masters Play-In 2023"]
[Site "Online"]
[Date "2023.02.03"]
[Round "1"]
[White "PSvidler"]
[Black "daro94"]
[Result "*"]
[ECO "C91"]
[WhiteElo "2800"]
[BlackElo "2562"]
[Annotator "NA"]
[PlyCount "33"]
[EventDate "2023.02.03"]
[EventType "swiss"]
[EventCountry "NET"]
[SourceTitle "playchess.com"]
[Source "ChessBase"]
[SourceQuality "1"]
[TimeControl "600+2"]

1. e4 e5 2. Nf3 Nc6 3. Bb5 Nf6 4. d3 d6 5. O-O Be7 6. c3 O-O 7. Re1 a6 8. Ba4 Re8 9. Nbd2 Bf8 10. d4 b5 11. Bc2 Bb7 12. d5 Nb8 13. b3 c6 14. c4 Nbd7 15. Nf1 a5 16. Be3 Qb8 17. N3d2 *

[Event "CCT Airthings Masters Play-In 2023"]
[Site "Online"]
[Date "2023.02.03"]
[Round "1"]
[White "Nepomniachtchi, Ian"]
[Black "Fandorine"]
[Result "*"]
[ECO "E94"]
[WhiteElo "2793"]
[BlackElo "2561"]
[Annotator "TA"]
[PlyCount "43"]
[EventDate "2023.02.03"]
[EventType "swiss"]
[EventCountry "NET"]
[SourceTitle "playchess.com"]
[Source "ChessBase"]
[SourceQuality "1"]
[TimeControl "600+2"]

1. d4 Nf6 2. c4 g6 3. Nc3 Bg7 4. e4 d6 5. Nf3 O-O 6. Be2 e5 7. O-O exd4 8. Nxd4 Re8 9. f3 c6 10. Kh1 d5 (10... Nfd7 $14) 11. cxd5 $16 {[%emt 0:00:04] E94: King's Indian: Classical: 6 Be2 e5 7 0-0: Various Black 7th moves.} cxd5 12. Bg5 Nc6 {[%emt 0:00:01] [#]} 13. Bb5 $1 {[%emt 0:00:18] White is more active.} h6 14. Nxc6 bxc6 15. Bxc6 {[%emt 0:00:00] Hoping for Bxf6.} hxg5 16. Bxa8 {[%emt 0:00:02] Black must now prevent Bc6.} d4 {[%emt 0:00:01] [#]} 17. Nd5 (17. Ne2 $1 $16) 17... Ba6 $1 $14 18. Nxf6+ {[%emt 0:00:14][%mdl 64] Remove Defender} Qxf6 19. Bd5 {[%emt 0:00:38][%cal Od1a4] Strongly threatening Qa4!} Bxf1 20. Qxf1 Rc8 {[%emt 0:00:08] [#]} 21. Bc4 $146 ({Predecessor:} 21. Qd3 Qf4 22. g3 Qe3 23. Qxe3 dxe3 24. Re1 Bd4 25. Re2 Rc1+ 26. Kg2 Rb1 27. b3 {1-0 Sorokin,A (2521)-Leitao,R (2592) Titled Tuesday intern op 25th May blitz 2021 (5)}) 21... Qf4 22. Rd1 {[%emt 0:00:07] Weighted Error Value: White=0.07 (flawless) /Black=0.06 (flawless)} *

[Event "CCT Airthings Masters Play-In 2023"]
[Site "Online"]
[Date "2023.02.03"]
[Round "1"]
[White "Firouzja, Alireza"]
[Black "VincentKeymer"]
[Result "*"]
[ECO "E48"]
[WhiteElo "2785"]
[BlackElo "2636"]
[Annotator "TA"]
[PlyCount "35"]
[EventDate "2023.02.03"]
[EventType "swiss"]
[EventCountry "NET"]
[SourceTitle "playchess.com"]
[Source "ChessBase"]
[SourceQuality "1"]
[TimeControl "600+2"]

1. d4 {[%emt 0:00:10] ChessBase II} Nf6 2. c4 e6 3. Nc3 Bb4 4. e3 c5 5. Bd3 Nc6 6. Nge2 cxd4 7. exd4 d5 8. cxd5 Nxd5 9. O-O O-O 10. Bc2 Be7 {[%emt 0:01:21] is currently scoring better than 10...Re8.} 11. Qd3 g6 12. a3 {[%emt 0:00:02] Against Ndb4. E48: Nimzo-Indian: Rubinstein: 5 Bd3 d5 including 6 Ne2, but excluding 6 a3.} b6 13. Bh6 Re8 14. Bb3 {[%emt 0:00:13] The position is equal.} Nxc3 15. bxc3 Bb7 {[%emt 0:00:12] [#]} (15... Na5 $5 16. Bc2 Bd6 $15) 16. f4 $146 ({White should play} 16. Ba4 $15) ({Predecessor:} 16. Rfd1 Na5 17. Ba4 Bc6 18. Bxc6 Nxc6 19. c4 Rc8 20. d5 exd5 21. cxd5 Ne5 22. Qh3 {0-1 Vaisman,V (2375)-Andruet,G (2390) Cap d'Agde op 04th 1985}) 16... Bf8 17. Bxf8 Rxf8 18. Ng3 {[%emt 0:00:33] Black took control after the opening.   Weighted Error Value: White=0.28 (precise) /Black=0.12 (very precise)} *

[Event "CCT Airthings Masters Play-In 2023"]
[Site "Online"]
[Date "2023.02.03"]
[Round "1"]
[White "GukeshDommaraju"]
[Black "Sevian, Samuel"]
[Result "1-0"]
[ECO "D02"]
[WhiteElo "2785"]
[BlackElo "2687"]
[Annotator "TA"]
[PlyCount "95"]
[EventDate "2023.02.03"]
[EventType "swiss"]
[EventCountry "NET"]
[SourceTitle "playchess.com"]
[Source "ChessBase"]
[SourceQuality "1"]
[TimeControl "600+2"]

1. d4 Nf6 2. Nf3 d5 3. Bf4 e6 4. e3 c5 5. Nbd2 cxd4 6. exd4 {[%emt 0:00:02] D02: 1 d4 d5 2 Nf3 sidelines, including 2...Nf6 3 g3 and 2...Nf6 3 Bf4.} Qb6 {[%emt 0:00:00] [#]} 7. Nb3 $146 ({Predecessor:} 7. Bd3 Nc6 8. c3 Qxb2 9. Rc1 Qb6 10. Ne5 Nxe5 11. dxe5 Nd7 12. Nf3 Nc5 13. Bc2 {0-1 Omarsson,J (1185)-Ptacnikova,L (2173) Reykjavik Blitz op 2022 (3)}) 7... Bd7 8. a4 {[%emt 0:00:04][%cal Ba2a4,Ba4a5][%mdl 32] White is slightly better.} Nc6 9. a5 Qd8 10. c3 Nh5 11. Be3 Bd6 12. Ne5 g6 13. a6 bxa6 {[%emt 0:03:12] [#]} (13... b6 $14) 14. Nxd7 $1 $16 (14. Rxa6 Bxe5 15. dxe5 Nxe5 $11) 14... Qxd7 15. Rxa6 (15. Nc5 $16 Bxc5 16. dxc5) 15... Rb8 (15... O-O $14) 16. Be2 (16. Nc5 {feels hotter.} Bxc5 17. dxc5 Rxb2 18. Qa4) 16... Ng7 {[%emt 0:00:20] [#]} (16... Qc8 $14) 17. O-O (17. Nc5 $1 $18 Bxc5 18. dxc5) 17... O-O $14 18. Bc1 Qc7 19. g3 Rfc8 20. Nc5 e5 {[%emt 0:00:36] White leaves nothing to chance now.} (20... Rb6 $14) 21. Bg4 $16 {[%emt 0:00:24] White has more active pieces.} f5 22. Bf3 e4 23. Be2 h5 (23... f4 $16 {was worth a try.}) 24. b4 {[%emt 0:00:04] Strongly threatening Qa4.} h4 (24... Rb6 $142 25. Qb3 Qf7) 25. Qb3 (25. gxh4 Rb6 $16) 25... Ne7 26. Bg5 (26. gxh4 Rb6 $16) 26... hxg3 27. hxg3 {[%emt 0:00:35] aiming for Bxe7.} (27. fxg3 Bxg3 28. Kh1 (28. Bxe7 Bxh2+ 29. Kh1 Qxe7 $11) 28... Bxh2 $14) 27... Rd8 (27... Rb6 $142 28. Bxe7 Qxe7 29. Qxd5+ Qf7 30. Qxf7+ Kxf7 31. Rxa7+ Rc7) 28. Qa2 $18 Ra8 29. Qa5 (29. Kg2 $142) 29... Qxa5 30. Rxa5 Kf7 31. Rfa1 Bxc5 (31... Ne6 $142) 32. dxc5 (32. bxc5 Ne6 $16) 32... Ne6 33. Be3 ({Weaker is} 33. Rxa7 Rxa7 34. Rxa7 Nxg5 $17) 33... g5 $2 (33... d4) 34. Rxa7 Rxa7 35. Rxa7 f4 36. Bd4 ({Stronger than} 36. gxf4 gxf4 37. Bd4 Nxd4 38. cxd4 Rg8+ 39. Kf1 Rb8 $11) 36... Nxd4 37. cxd4 {[%emt 0:00:01][%mdl 4096] Endgame KRB-KRN} f3 38. Bf1 Kf6 $2 (38... Rh8 39. b5 Ke6 40. Ra6+ Kf5) 39. b5 Nf5 40. c6 {[%emt 0:00:11] Hoping for b6.} Nxd4 41. c7 Rh8 42. b6 {[%emt 0:00:08] Intending b7 and mate.} Ne2+ 43. Bxe2 {[%emt 0:00:02] White mates.} fxe2 44. Ra1 d4 45. b7 d3 46. c8=Q (46. b8=N {gets mated.} d2 47. f4 e1=Q+ 48. Kg2 Qe2+ 49. Kg1 Qe3+ 50. Kg2 Qf3+ 51. Kg1 Rh1#) 46... Rxc8 47. bxc8=Q d2 48. Qc3+ {[%emt 0:00:01] Weighted Error Value: White=0.44/Black=0.65} 1-0

[Event "CCT Airthings Masters Play-In 2023"]
[Site "Online"]
[Date "2023.02.03"]
[Round "1"]
[White "Nakamura, Hikaru"]
[Black "EvgenyT"]
[Result "*"]
[ECO "A13"]
[WhiteElo "2768"]
[BlackElo "2564"]
[Annotator "TA"]
[PlyCount "30"]
[EventDate "2023.02.03"]
[EventType "swiss"]
[EventCountry "NET"]
[SourceTitle "playchess.com"]
[Source "ChessBase"]
[SourceQuality "1"]
[TimeControl "600+2"]

1. Nf3 d5 2. d4 Nf6 3. c4 e6 4. e3 c5 5. cxd5 exd5 6. Bb5+ Nc6 7. O-O cxd4 8. Nxd4 Bd7 9. b3 Bd6 10. Bb2 O-O 11. Nd2 {[%emt 0:00:10] A13: English Opening: 1...e6.} Re8 12. N2f3 Rc8 13. Be2 {[%emt 0:00:04] [#]} Bg4 $146 ({Predecessor:} 13... Bb8 14. Rc1 Qe7 15. Nxc6 Bxc6 16. Qd4 Qe4 17. Qd2 Qe7 18. Rc2 Ne4 19. Qd4 f6 {1-0 Deac,B (2560)-Berry,N (2283) EU-chT (Men) 21st 2017 (1.2)}) 14. Rc1 Ne4 15. h3 $1 Bh5 {[%emt 0:00:24] White took control after the opening.   Weighted Error Value: White=0.06 (flawless) /Black=0.16 (very precise)} *

[Event "CCT Airthings Masters Play-In 2023"]
[Site "Online"]
[Date "2023.02.03"]
[Round "1"]
[White "Dominguez Perez, Leinier"]
[Black "Sanan_Sjugirov"]
[Result "*"]
[ECO "C79"]
[WhiteElo "2743"]
[BlackElo "2559"]
[Annotator "TA"]
[PlyCount "33"]
[EventDate "2023.02.03"]
[EventType "swiss"]
[EventCountry "NET"]
[SourceTitle "playchess.com"]
[Source "ChessBase"]
[SourceQuality "1"]
[TimeControl "600+2"]

1. e4 e5 2. Nf3 Nc6 3. Bb5 a6 4. Ba4 Nf6 5. O-O d6 6. Re1 Bd7 7. c3 g6 8. d4 Bg7 9. h3 {[%emt 0:00:03] C79: Ruy Lopez: Steinitz-type lines with 3...a6 4 Ba4 Nf6 5 0-0 d6.} O-O 10. Bc2 Re8 {[%emt 0:00:04] 10...Re8 is better than 10...Nh5.} 11. Nbd2 a5 {[%emt 0:00:06] [#]} 12. d5 $1 $146 {[%emt 0:01:17][%mdl 8] White is slightly better. A relevant novelty.} ({Predecessor:} 12. Nf1 a4 13. Ng3 b5 14. Bg5 h6 15. Be3 Qe7 16. Qd2 Kh7 17. Rad1 Na5 18. b3 axb3 19. axb3 {1-0 Sethuraman,S (2642)-Gupta,A (2601) IND-ch 59th New Delhi 2022 (6)}) 12... Ne7 13. c4 b6 14. Nb1 Nh5 15. Nc3 Nf4 16. Bxf4 exf4 17. Qd2 {[%emt 0:00:00] Weighted Error Value: White=0.03 (flawless) /Black=0.06 (flawless)} *

[Event "CCT Airthings Masters Play-In 2023"]
[Site "Online"]
[Date "2023.02.03"]
[Round "1"]
[White "Andreikin, Dmitry"]
[Black "Vladimir_"]
[Result "1-0"]
[ECO "D30"]
[WhiteElo "2729"]
[BlackElo "2553"]
[Annotator "TA"]
[PlyCount "51"]
[EventDate "2023.02.03"]
[EventType "swiss"]
[EventCountry "NET"]
[SourceTitle "playchess.com"]
[Source "ChessBase"]
[SourceQuality "1"]
[TimeControl "600+2"]

1. Nf3 d5 2. d4 Nf6 3. c4 e6 4. Bg5 a6 5. cxd5 exd5 6. e3 {[%emt 0:00:07] D30: Queen's Gambit Declined: Systems without Nc3.} Be6 7. Nc3 Nbd7 8. h3 {[%emt 0:00:13] White is slightly better.} Bd6 9. Bd3 c6 10. O-O O-O 11. Nd2 $5 {[%emt 0:00:09][%mdl 4] A promising side line.} h6 12. Bh4 {[%emt 0:00:05] [#]} g5 $146 ({Predecessor:} 12... c5 13. dxc5 Nxc5 14. Nf3 g5 15. Bg3 Bxg3 16. fxg3 Nh5 17. g4 Ng3 18. Rf2 Nxd3 19. Qxd3 {1-0 Hosseinzadeh,N (2215)-Bekiragaoglu,U (2147) TUR-chT 2nd League 2022 (9.12)}) 13. Bg3 Bxg3 14. fxg3 Kg7 15. g4 Nb6 (15... h5 $1 $11 {keeps the balance.}) 16. Rf2 $16 {[%emt 0:00:38] White is more active.} Nc4 17. Nxc4 dxc4 18. Bc2 Nd5 19. Qf3 Nb4 20. Be4 Nd3 21. Bxd3 cxd3 22. Qe4 $40 {[%emt 0:00:07][%mdl 128] Black is in trouble.} Qd7 (22... Bc4 $16) 23. Raf1 {[%emt 0:00:08] [#] aiming for Qe5+.} b5 $2 {[%emt 0:00:39] Black is weak on the dark squares} (23... f6 $16) 24. Qe5+ $18 ({Weaker is} 24. Qxd3 Bc4 25. Qc2 (25. Qe4 Rae8 $17) 25... Bxf1 26. Rxf1 Rae8 $11) 24... Kg6 25. Rf6+ Kh7 {[%emt 0:00:02] [#]} 26. Rxh6+ $3 {[%emt 0:00:03][%mdl 576] Decoy, Clearance. An entertaining game by Andreikin.   Weighted Error Value: White=0.12 (very precise) /Black=0.55} 1-0

[Event "CCT Airthings Masters Play-In 2023"]
[Site "Online"]
[Date "2023.02.03"]
[Round "1"]
[White "mishanick"]
[Black "alexrustemov"]
[Result "1-0"]
[ECO "D17"]
[WhiteElo "2712"]
[BlackElo "2540"]
[Annotator "TA"]
[PlyCount "95"]
[EventDate "2023.02.03"]
[EventType "swiss"]
[EventCountry "NET"]
[SourceTitle "playchess.com"]
[Source "ChessBase"]
[SourceQuality "1"]
[TimeControl "600+2"]

1. d4 d5 2. Nf3 c6 3. c4 Nf6 4. Nc3 dxc4 5. a4 Bf5 6. Ne5 Nbd7 7. Nxc4 Nb6 {[%emt 0:00:00] outshines the older 7...Qc7.} 8. Ne5 a5 9. e3 {[%emt 0:00:01] D17: Slav Defence: 5 a4 Bf5: Lines with 6 Nh4 and 6 Ne5.} g6 10. Bd3 Bxd3 11. Nxd3 {[%emt 0:00:00] White has an edge.} Bg7 12. O-O O-O 13. Bd2 $5 {[%emt 0:00:19][%mdl 4] An interesting side line.} Nbd5 14. Qb3 Qb6 15. Qxb6 Nxb6 {[%emt 0:00:02] [#]} 16. Rfc1 $146 ({Predecessor:} 16. b3 Rfd8 17. Ra2 e6 18. Rc1 Bf8 19. Kf1 Nbd5 20. Nd1 Nd7 21. Ke2 Bg7 22. f4 {1-0 Ivanisevic,I (2629)-Pavlovic,M (2535) Zuerich Jubilee op 2009 (8)}) 16... Nfd5 (16... Rfd8 $11 {remains equal.}) 17. Ne4 {[%emt 0:00:03] Black is on the road to losing.} (17. Nxd5 $16 Nxd5 18. Rc5) 17... Nd7 {[%emt 0:00:07] [#]} (17... Ra7 $14 {is superior.}) 18. Nec5 $1 $16 Nxc5 19. Rxc5 Ra7 20. Rxa5 {[%emt 0:00:03] White is more active.} ({Of course not} 20. Bxa5 $6 Rfa8 21. Bd2 Rxa4 22. Rxa4 Rxa4 $11) 20... Rxa5 21. Bxa5 Ra8 22. Bd2 f5 23. a5 b6 {[%emt 0:00:14] [#]} (23... Kf7 $16 24. g3 e6) 24. b4 $1 $18 Kf7 25. Rc1 Rc8 26. Kf1 Ke6 27. Ke2 Kd7 28. f3 Rb8 29. Be1 e6 (29... f4 $142 30. e4 (30. Nxf4 Nxf4+ 31. exf4 bxa5 $16) (30. exf4 Bxd4 31. Rc4 Bf6 $16) 30... Nc7) 30. axb6 Rxb6 31. Nc5+ Kd6 $2 (31... Kc8 32. Nxe6 Bh6) 32. Ra1 {[%emt 0:00:03] Black must now prevent Ra7.} e5 33. Ra7 Nc7 34. Kd3 g5 35. Kc4 Rb8 {[%emt 0:00:32] [#]} 36. Rxc7 $1 {[%emt 0:00:43][%mdl 576] Decoy} Kxc7 {[%emt 0:00:06][%mdl 4096] Endgame KRB-KBN} 37. Na6+ Kb7 38. Nxb8 {[%emt 0:00:01][%cal Od4d5] Strongly threatening d5!} Kxb8 {[%emt 0:00:01] KB-KB} 39. d5 Kc7 40. dxc6 Kxc6 41. b5+ Kd6 42. Bb4+ Ke6 43. e4 fxe4 44. fxe4 {[%emt 0:00:00] White mates.} Bf6 45. b6 Bd8 46. Bc5 g4 47. b7 Kd7 48. b8=Q {[%emt 0:00:02] Weighted Error Value: White=0.16 (very precise) /Black=0.50} 1-0

[Event "CCT Airthings Masters Play-In 2023"]
[Site "Online"]
[Date "2023.02.03"]
[Round "1"]
[White "Baku_Boulevard"]
[Black "Mitrabha, Guha"]
[Result "0-1"]
[ECO "B10"]
[WhiteElo "2701"]
[BlackElo "2510"]
[Annotator "TA"]
[PlyCount "84"]
[EventDate "2023.02.03"]
[EventType "swiss"]
[EventCountry "NET"]
[SourceTitle "playchess.com"]
[Source "ChessBase"]
[SourceQuality "1"]
[TimeControl "600+2"]

1. e4 c6 2. Nf3 d5 3. e5 Bg4 4. Be2 e6 5. O-O Nd7 6. d4 {[%emt 0:00:02] B10: Caro-Kann: 2 d3 and 2 c4.} Ne7 7. Nbd2 c5 {[%emt 0:00:01] The old main line.} 8. c4 {[%emt 0:00:41] [#] The position is equal.} dxc4 $146 (8... cxd4 $11 9. Nxd4 Bxe2 10. Qxe2 a6) ({Predecessor:} 8... cxd4 9. Nxd4 Bxe2 10. Qxe2 a6 11. Re1 Nc6 12. Nxc6 bxc6 13. Nf3 Bc5 14. Be3 Bxe3 15. Qxe3 {½-½ Fleury,F (2377)-Markus,R (2484) Remote Superturnier 19 email 2013}) 9. Nxc4 $16 {[%emt 0:00:02][%cal Rc4d6] [#]} Nd5 (9... Nc6 $142) 10. Ng5 Bxe2 11. Qxe2 {[%emt 0:00:01] Qh5 would be deadly.} N7b6 {[%emt 0:01:09] [#]} 12. Nxb6 ({Much worse is} 12. Qf3 Qd7 13. Nxb6 axb6 $11) (12. dxc5 $1 $16 Bxc5 13. Ne4 (13. Qh5 g6 $11) 13... Nxc4 14. Nxc5 (14. Qxc4 Be7 $11)) 12... axb6 $14 13. Qb5+ Qd7 14. Qxd7+ Kxd7 15. Nxf7 Rg8 16. dxc5 bxc5 17. Ng5 h6 18. Ne4 Be7 19. Bd2 b5 20. Rfc1 Rgc8 21. f3 Ra6 (21... b4 $11) 22. Kf2 c4 23. Ke2 (23. a3 $16) 23... b4 $11 24. g3 Rac6 25. Be1 Ra6 26. f4 g5 27. Kf3 Rac6 28. Rd1 gxf4 29. gxf4 c3 30. bxc3 bxc3 {[%emt 0:00:01] And now ...c2 would win.} 31. Rac1 c2 32. Rd3 Ke8 33. f5 exf5 34. Ng3 {[%emt 0:00:02][%mdl 8192] This costs White the game.} (34. Nd6+ $1 $11 {and White stays safe.} Bxd6 35. exd6) 34... Bg5 $19 35. Rxc2 Rxc2 36. Rxd5 Kf7 (36... Rxh2 $2 {loses.} 37. Nxf5 Kf7 38. Rd6 $17) (36... R8c4 $142 37. Ra5 Rf4+ 38. Ke3 Rxh2) 37. Rd6 $2 (37. Rd4 {was called for.}) 37... R8c4 ({Inferior is} 37... Rxh2 38. Nxf5 Ra8 39. Bb4 $17) 38. e6+ Ke8 39. Nh5 Ke7 40. Rb6 Re4 41. Bb4+ Kd8 42. a3 Re3# {[%emt 0:00:01] A cool game by Mitrabha.   Weighted Error Value: White=0.73/Black=0.22 (precise)} 0-1

[Event "CCT Airthings Masters Play-In 2023"]
[Site "Online"]
[Date "2023.02.03"]
[Round "1"]
[White "Bigfish"]
[Black "kuli4ik"]
[Result "0-1"]
[ECO "D17"]
[WhiteElo "2673"]
[BlackElo "2531"]
[Annotator "TA"]
[PlyCount "146"]
[EventDate "2023.02.03"]
[EventType "swiss"]
[EventCountry "NET"]
[SourceTitle "playchess.com"]
[Source "ChessBase"]
[SourceQuality "1"]
[TimeControl "600+2"]

1. d4 d5 2. c4 c6 3. Nf3 Nf6 4. Nc3 dxc4 5. a4 Bf5 6. Ne5 Nbd7 7. Nxc4 Qc7 8. g3 e5 9. dxe5 Nxe5 10. Bf4 Nfd7 11. Qc1 {[%emt 0:00:12] D17: Slav Defence: 5 a4 Bf5: Lines with 6 Nh4 and 6 Ne5.} f6 12. Bg2 g5 (12... Be6 $5 13. Nxe5 Nxe5 $11) 13. Nxe5 $1 {[%emt 0:00:20] White is slightly better.} Nxe5 14. Be3 {[%emt 0:01:32] [#]} Bd6 $146 ({Predecessor:} 14... Nc4 15. O-O Qe5 16. Ne4 Nxe3 17. Qxe3 O-O-O 18. Nxg5 Qxe3 19. fxe3 Bg6 20. Ne6 Rd2 21. Nxf8 Rxf8 {½-½ Petrov,N (2552)-Afanasiev,N (2542) Anapa Sea Harbor Cup 2021 (5)}) 15. h4 g4 16. O-O O-O 17. a5 a6 18. Rd1 Qe7 19. Na4 Rad8 20. Qc3 Bb4 21. Bc5 $1 Bxc5 22. Nxc5 Bc8 23. Re1 (23. Be4 {keeps more tension.} Kg7 24. Bc2 Be6 25. Qe3) 23... Kg7 24. f4 gxf3 25. exf3 Qd6 26. Re4 Qd2 27. f4 (27. Qxd2 {simplifies} Rxd2 28. f4 Ng4 29. b4) 27... Ng4 {[%emt 0:00:21] Really sharp!} 28. Qxd2 Rxd2 29. b4 h5 30. Bf3 Rf7 31. Rae1 Rb2 32. R1e2 Rb1+ 33. Kg2 Bf5 34. Rd4 Kg6 35. Ne4 {[%emt 0:00:03] Threatens to win with Nd6.} Re7 36. Nd6 {[%emt 0:00:01] [#]} (36. Red2 $11) 36... Rxe2+ (36... Ne3+ $1 $17 37. Rxe3 (37. Kh2 $2 Bg4 $19) 37... Rxe3 38. Bxh5+ Kxh5 39. Nxf5 Ree1) 37. Bxe2 $11 Rb2 38. Kf1 Ne3+ 39. Kf2 Nd5 40. Nxf5 Kxf5 {[%emt 0:00:00][%mdl 4096] Endgame KRB-KRN} 41. Kf3 Kg6 ({But not} 41... Rxb4 42. Rxb4 Nxb4 43. Ke3 Nd5+ 44. Kd4 $14) 42. Bd3+ (42. Bc4 $1 $11 {remains equal.}) 42... f5 $17 {[%emt 0:00:01] Black is more active.} 43. Bc4 $2 (43. Be2 $17) 43... Rxb4 $19 (43... Nxb4 $2 44. Rd6+ Kh7 45. Rd7+ Kg6 46. Rxb7 $18) 44. Ke2 Ra4 45. Kd3 Rxa5 46. Bb3 Rb5 ({Wrong is} 46... Ra3 $2 47. Kc2 $19) 47. Kc2 Rb4 48. Rd3 Rb5 ({Black should play} 48... a5 $19 {White must now prevent ...Rb5.} 49. Bxd5 cxd5 50. Rxd5 a4 51. Rd6+ Kf7) 49. Rd2 $2 (49. Rd4 $1 $11 {and White stays safe.} a5 50. Rd2) 49... Rc5+ 50. Kb2 a5 51. Re2 Kf6 {[%emt 0:00:03] And now ...b5 would win.} 52. Re5 b5 {[%emt 0:00:01][%cal Bb7b5,Bb5b4][%mdl 32] Hoping for ...a4.} 53. Bc2 Kg7 {[%emt 0:00:09] aiming for ...a4.} 54. Bxf5 $2 (54. Bd1 {only move.} Nb4 55. Re3) 54... a4 55. Be4 {[%emt 0:00:05] [#]} b4 $1 56. Rg5+ Kf6 {[%emt 0:00:02] Strongly threatening ...a3+.} 57. Rf5+ (57. Rg6+ $142 Ke7 58. Bxd5 cxd5 59. Ra6 a3+ 60. Kb3) 57... Ke6 58. Re5+ Kd6 59. Bxd5 Rxd5 {[%emt 0:00:02] KR-KR} 60. Re4 c5 61. Kc2 a3 62. Re8 Rd4 (62... c4 $142 63. Rd8+ Kc5 64. Rc8+ Kd4 65. Kd2 a2 66. Ra8 b3 67. Ke2 b2 68. Rxa2 b1=Q 69. Rd2+ Ke4 70. Rxd5 Kxd5 71. Kf2 Ke4 72. g4 Kxf4 73. g5 Qb2+ 74. Ke1 Ke3 75. g6 Qe2#) 63. Rh8 Rc4+ 64. Kb3 Rc3+ 65. Ka2 Rc2+ (65... Kd5 $142 66. Rxh5+ Kd4 67. Re5 Rc2+ 68. Kb1 b3 69. Re1 a2+ 70. Ka1 Kc3 71. g4 Kb4 72. Re4+ Ka3 73. Ra4+ Kxa4 74. h5 Rc1+ 75. Kb2 a1=Q#) 66. Kb3 Rb2+ 67. Kc4 Rc2+ 68. Kb3 Rc3+ (68... Rg2 $19 69. Rxh5 Rxg3+ 70. Ka2 c4 71. Rh6+ Kc5 72. Rh5+ Kd4 73. Rg5 Rxg5 74. fxg5 Kc3 75. Kb1 b3 76. Kc1 b2+ 77. Kd1 b1=Q+ 78. Ke2 a2 79. Kf2 a1=Q 80. Kg2 Qe4+ 81. Kh3 Qah1+ 82. Kg3 Qhxh4#) 69. Ka2 Rxg3 {[%emt 0:00:00] Black mates.} 70. Rxh5 c4 71. Rb5 Rg2+ 72. Kb1 b3 73. Kc1 a2 {[%emt 0:00:02] Weighted Error Value: White=0.71/Black=0.22 (precise)} 0-1

[Event "CCT Airthings Masters Play-In 2023"]
[Site "Online"]
[Date "2023.02.03"]
[Round "1"]
[White "Wizard456"]
[Black "MrTattaglia"]
[Result "1-0"]
[ECO "E12"]
[WhiteElo "2666"]
[BlackElo "2528"]
[Annotator "NA"]
[PlyCount "76"]
[EventDate "2023.02.03"]
[EventType "swiss"]
[EventCountry "NET"]
[SourceTitle "playchess.com"]
[Source "ChessBase"]
[SourceQuality "1"]
[TimeControl "600+2"]

1. d4 Nf6 2. c4 e6 3. Nf3 b6 4. a3 Bb7 5. Nc3 Ne4 6. Nxe4 Bxe4 7. Nd2 Bg6 8. g3 Nc6 9. e3 h5 10. h4 Bd6 11. Bg2 e5 12. Ne4 O-O 13. O-O Be7 14. b3 Rb8 15. Bb2 f5 16. Nc3 exd4 17. exd4 f4 18. Ne4 Bd6 19. Nxd6 cxd6 20. Qd2 Qf6 21. Rae1 f3 22. Bh1 Rbe8 23. Re3 Rxe3 24. Qxe3 d5 25. cxd5 Ne7 26. d6 Nd5 27. Qe5 Qxe5 28. dxe5 Bc2 29. b4 b5 30. Rc1 Be4 31. Bd4 a6 32. Re1 Bc2 33. e6 dxe6 34. Rxe6 Bb3 35. d7 Kf7 36. Rd6 Rd8 37. Bxf3 Ke7 38. Bc5 Nf6 1-0